AoeStats
← ccereal

MegaRandom

509411666Analyzed
2v2 RM · 6d ago on Sep 26, 2026· 39m 4s· 4 players
Game mode
Random Map
Map size
Medium (4 player)
Population
200
Speed
Normal
Resources
Standard
Victory
Conquest
Starting age
Dark Age
Ending age
Imperial Age
RankedLock teamsTeams togetherTeam positionsShared explorationLock speedFull tech treeHidden civsTurbo modeCheats
Victory
Defeat
🇪🇸 Lithuanians · Spain
1588
+16
🇪🇸 Khmer · Spain
1550
+17
🇫🇷 Saracens · France
1638
-19
🇫🇷 Maya · France
1531
-14
Anleo
0:30 Loom
10:55 Feudal Age
15:00 Castle Age
13:00 Double-Bit Axe
15:08 Scale Barding Armor
15:01 Horse Collar
16:29 Chain Barding Armor
21:22 Husbandry
22:20 Forging
26:31 Bloodlines
27:47 Wheelbarrow
28:57 Gold Mining
29:34 Fletching
30:31 Bodkin Arrow
34:34 Heavy Plow
39:33 Iron Casting
Conquer
0:33 Loom
11:10 Feudal Age
15:49 Castle Age
15:01 Double-Bit Axe
26:17 Fletching
26:28 Padded Archer Armor
28:36 Wheelbarrow
27:47 Town Watch
32:02 Imperial Age
31:24 Coinage
32:08 Hand Cart
32:23 Ballistics
32:24 Bodkin Arrow
33:17 Bracer
34:20 Chemistry
33:34 Scale Mail Armor
33:44 Forging
33:50 Leather Archer Armor
34:23 Conscription
33:34 Pikeman
34:41 Halberdier
39:20 Chain Mail Armor
Tonymontana
0:27 Loom
8:32 Feudal Age
11:35 Double-Bit Axe
13:43 Fletching
19:12 Padded Archer Armor
20:12 Horse Collar
25:02 Castle Age
23:36 Gold Mining
26:00 Bodkin Arrow
25:31 Crossbowman
26:55 Wheelbarrow
33:05 Thumb Ring
38:35 Leather Archer Armor
ccereal
0:32 Loom
9:02 Feudal Age
9:32 Double-Bit Axe
20:37 Castle Age
19:12 Horse Collar
20:13 Bloodlines
20:09 Scale Barding Armor
20:55 Forging
20:41 Light Cavalry
21:55 Husbandry
23:57 Iron Casting
24:35 Chain Barding Armor
30:59 Wheelbarrow
Connection lost

Rejoining the realm…

Still unreachable

The connection could not be restored.

Session expired

The server has moved on; the page needs a fresh start.